 Dungeon Crawl Stone Soup version 0.30-a0-1043-g60ff8d5f49 (webtiles) character file.

Game seed: 12557446979659263184

20 cheesebisquit the Vexing (level 2, -2/21 HPs)
             Began as a Merfolk Hexslinger on Apr 10, 2023.
             Engulfed by a cloud of poison gas (5 damage)
             ... on level 1 of the Dungeon.
             The game lasted 00:03:38 (632 turns).

cheesebisquit the Vexing (Merfolk Hexslinger)        Turns: 632, Time: 00:03:39

Health: -2/21      AC:  4    Str: 10    XL:     2   Next: 79%
Magic:  0/4        EV: 12    Int: 12    God:
Gold:   44         SH:  0    Dex: 14    Spells: 2/3 levels left

rFire   . . .      SeeInvis .    g - +0 dagger
rCold   . . .      Faith    .    (no shield)
rNeg    . . .      Spirit   .    d - +0 leather armour
rPois   .          Reflect  .    (no helmet)
rElec   .          Rampage  .    (no cloak)
rCorr   .                        (no gloves)
Will    .....                    f - +0 pair of boots
Stlth   +                        (no amulet)
HPRegen 0.23/turn                (no ring)
MPRegen 0.09/turn                (no ring)

@: lethally poisoned (-2 -> -17)
A: (nimble swimmer 2), mertail
a: no special abilities


You were on level 1 of the Dungeon.
You visited 1 branch of the dungeon, and saw 1 of its levels.

You collected 44 gold pieces.

Inventory:

Hand Weapons
 a - a +1 sling
 g - a +0 dagger (weapon)
Armour
 c - a +0 robe
 d - a +0 leather armour (worn)
 f - a +0 pair of boots (worn)
Scrolls
 e - a scroll of teleportation {unknown}
 h - a scroll of identify {unknown}


   Skills:
 + Level 1.6 Fighting
 + Level 0.2 Short Blades
 - Level 1.5 Ranged Weapons
 + Level 3.1 Dodging
 + Level 0.9 Stealth
 + Level 1.3 Spellcasting
 + Level 3.1 Hexes


You had 2 spell levels left.
You knew the following spells:

 Your Spells              Type           Power      Damage    Failure   Level
a - Slow                  Hex            32%        N/A       11%         1

Your spell library contained the following spells:

 Spells                   Type           Power      Damage    Failure   Level
 Inner Flame              Hex/Fire       4%         N/A       52%         3
 Portal Projectile        Hex/Tloc       8%         N/A       52%         3
 Cause Fear               Hex            4%         N/A       71%         4


Dungeon Overview and Level Annotations

Branches:
Dungeon (1/15)

Altars:


Innate Abilities, Weirdness & Mutations

((You are very nimble when in or above water. (Stealth+, EV+, Speed+++)))
Your lower body shifts to a powerful aquatic tail in water.


Message History

You hit the quokka.
The quokka is heavily wounded.
The quokka bites you.
You aren't carrying any potions.
Really read the scroll of poison?
The air fills with toxic fumes!
As you read the scroll of poison, it crumbles to dust.
The quokka barely misses you.
You hit the quokka but do no damage.
The quokka is heavily wounded.
The quokka misses you.
You closely miss the quokka.
The quokka is heavily wounded.
The quokka bites you.
You barely miss the quokka.
The quokka is heavily wounded.
The quokka misses you. The quokka barely misses you.
You hit the quokka.
The quokka is almost dead.
The quokka bites you but does no damage.
You hit the quokka.
You kill the quokka!
You are too injured to fight recklessly!
Aiming: Slow (safe; 11% risk of failure)
Press: ? - help, Q - select action Shift-Dir - straight line, f - kobold
Aim: a kobold, wielding a +0 dagger (chance to affect: 59%)
The kobold resists with significant effort.
The kobold hits you with a +0 dagger.
* * * LOW HITPOINT WARNING * * *
You closely miss the kobold. The kobold hits you with a +0 dagger.
* * * LOW HITPOINT WARNING * * *
You hit the kobold.
The kobold is severely wounded.
The kobold misses you.
You hit the kobold.
You kill the kobold!
Really walk into that cloud of poison gas?
You are engulfed in poison gas.
You are lethally poisoned!
You die...

#............#
#............#
#######...####
#.#########.#
#...........#
#.######....###
#....☼##.##.# ###
#####☼##○##.# ..
### #§@§☼.§##.# ..
..# #.#.#####.# #
J###.# #w#.......#
..##. ..#.#
#J#..######
#....w#.#.###)#..#
#..g....#....g#...
#..#####.J..°○°...#
#.########.# #.# .#


You could see a dart slug, an endoplasm and a hobgoblin.

Vanquished Creatures
  A ball python (D:1)
  A bat (D:1)
  An endoplasm (D:1)
  A giant cockroach (D:1)
  A goblin (D:1)
  2 hobgoblins (D:1)
  5 jackals (D:1)
  A quokka (D:1)
  A frilled lizard (D:1)
  2 kobolds (D:1)
16 creatures vanquished.

Notes
Turn   | Place    | Note
-------+----------+-------------------------------------------
     0 | D:1      | cheesebisquit the Merfolk Hexslinger began the quest for
                  | the Orb.
     0 | D:1      | Reached XP level 1. HP: 15/15 MP: 2/2
   208 | D:1      | Reached XP level 2. HP: 21/21 MP: 1/3
   632 | D:1      | Engulfed by a cloud of poison gas

Illustrated notes

Levels and vault maps discovered:
D:1:      lightli_arrival_lavapool, layout_basic

Skill      XL: |  1  2 |
---------------+-------+-----
Dodging        | 3 |  3.1
Fighting       | |  1.6
Short Blades   | |  0.2
Ranged Weapons | |  1.5
Stealth        | |  0.9
Spellcasting   | |  1.3
Hexes          | |  3.1

Action                     || total
---------------------------++-------
  Melee: Dagger            ||    46
   Fire: Sling             ||    41
   Cast: Slow              ||    25
    Use: Scroll            ||     1
 Armour: Leather armour    ||    20
         Robe              ||     2
  Dodge: Dodged            ||    54

Table legend: (Time is in decaauts)
 A = Elapsed time spent in this place.
 B = Non-inter-level travel time spent in this place.
 C = Inter-level travel time spent in this place.
 D = Time resting spent in this place.
 E = Time spent auto-exploring this place.
 F = Levels seen in this place.
 G = Mean time per level.
                   A        B        C        D        E       F      G
               +--------+--------+--------+--------+--------+-----+--------+
         Total |    646 |    646 |      0 |      0 |    439 |   1 |  646.0 |
       Dungeon |    646 |    646 |      0 |      0 |    439 |   1 |  646.0 |
               +--------+--------+--------+--------+--------+-----+--------+

Top non-repeatable levels by time:
     D:1: 646 daAuts
